 Dungeon Crawl Stone Soup version 0.28-a0-1567-g1695149f81 (webtiles) character file.

Game seed: 6609441904381716507

64495 Strat the Fencer (level 14, -6/121 (125) HPs)
             Began as a Demigod Delver on Jan 19, 2022.
             Mangled by a sun demon (7 damage)
             ... summoned by an orc high priest
             ... while paralysed by an orc sorcerer
             ... on level 2 of the Orcish Mines.
             The game lasted 00:37:52 (24036 turns).

Strat the Fencer (Demigod Delver)                  Turns: 24036, Time: 00:37:52

HP:   -6/121 (125)  AC:  6    Str: 29    XL:     14   Next: 33%
MP:   0/17          EV:  2    Int: 12    God:
Gold: 2288          SH:  0    Dex: 15    Spells: 9/13 levels left

rFire   + . .      SeeInvis .   h - +2 Maxwell's thermic engine {flame, freeze}
rCold   + . .      Faith    .   (no shield)
rNeg    . . .      Spirit   +   N - +0 gold dragon scales
rPois   +          Reflect  .   r - +1 helmet
rElec   .          Harm     .   Q - +0 cloak {rPois}
rCorr   .          Rampage  .   v - +0 pair of gloves
Will    +....                   P - +2 pair of boots {Fly}
Stlth   ..........              y - amulet of guardian spirit
HPRegen 0.30/turn               i - +4 ring of evasion
MPRegen 0.15/turn               x - +4 ring of evasion

@: paralysed, corroded, flying, lightly drained
A: high mp 1, forlorn, divine attributes
a: no special abilities


You were on level 2 of the Orcish Mines.
You visited 3 branches of the dungeon, and saw 20 of its levels.
You also visited: Gauntlet.

You collected 2288 gold pieces.

Inventory:

Hand Weapons
 h - the +2 Maxwell's thermic engine (weapon) {flame, freeze}
   (You found it on level 5 of the Dungeon)

   It burns those it strikes, dealing additional fire damage.
   Big, fiery blades are also staple armaments of hydra-hunters.
   It freezes those it strikes, dealing additional cold damage.
   It can also slow down cold-blooded creatures.
   It becomes more effective when it hits something.
   This effect fades over time.
Missiles
 e - 6 boomerangs of dispersal
 k - 5 curare-tipped darts (quivered)
 l - 24 poisoned darts
 w - 632 stones
 A - 5 silver javelins
 R - 5 javelins
Armour
 r - a +1 helmet (worn)
 v - a +0 pair of gloves (worn)
 N - +0 gold dragon scales (worn)
 P - a +2 pair of boots of flying (worn)
 Q - a +0 cloak of poison resistance (worn)
Jewellery
 i - a +4 ring of evasion (left hand)
 m - an amulet of magic regeneration
 q - a +4 ring of protection
 u - a ring of resist corrosion
 x - a +4 ring of evasion (right hand)
 y - an amulet of guardian spirit (around neck)
 S - a ring of wizardry
 U - a +6 ring of dexterity
 W - an amulet of the acrobat
Wands
 g - a wand of digging (3)
 n - a wand of flame (61)
 o - a wand of acid (10)
 D - a wand of paralysis (4)
 J - a wand of iceblast (19)
 M - a wand of polymorph (3)
Scrolls
 b - 6 scrolls of vulnerability
 c - 3 scrolls of fog
 d - a scroll of magic mapping
 C - a scroll of fear
 E - 5 scrolls of teleportation
 I - 2 scrolls of enchant weapon
 L - 2 scrolls of silence
 O - a scroll of identify
 T - a scroll of blinking
Potions
 a - a potion of cancellation
 f - 4 potions of haste
 j - 3 potions of attraction
 p - 3 potions of curing
 s - a potion of invisibility
 t - 5 potions of heal wounds
 z - 5 potions of flight
 B - 2 potions of mutation
 G - 2 potions of lignification
 H - a potion of might
 V - 2 potions of magic
Miscellaneous
 F - a box of beasts
 K - a phantom mirror


   Skills:
 + Level 11.9 Fighting
 - Level 15.0 Long Blades
 - Level 1.7 Axes
 - Level 10.0 Armour
 + Level 6.9 Dodging
 - Level 4.5 Stealth
 - Level 10.0 Evocations


You had 9 spell levels left.
You knew the following spells:

 Your Spells              Type           Power      Damage    Failure   Level
a - Anguish               Hex/Necr       0%         N/A       100%        4

Your spell library contained the following spells:

 Spells                   Type           Power      Damage    Failure   Level
 Magic Dart               Conj           0%         1d3       100%        1
 Corpse Rot               Necr/Air       0%         N/A       100%        2
 Ensorcelled Hibernation  Hex/Ice        0%         N/A       100%        2
 Poisonous Vapours        Pois/Air       0%         N/A       100%        2
 Searing Ray              Conj           0%         2d4       100%        2
 Frozen Ramparts          Ice            0%         1d2       100%        3
 Ozocubu's Armour         Ice            0%         N/A       100%        3
 Spider Form              Tmut/Pois      0%         N/A       100%        3
 Stone Arrow              Conj/Erth      0%         3d7       100%        3
 Animate Armour           Summ/Erth      0%         N/A       100%        4
 Fulminant Prism          Conj/Hex       0%         3d6       100%        4
 Hailstorm                Conj/Ice       0%         3d3       100%        4
 Ice Form                 Ice/Tmut       0%         N/A       100%        4
 Olgreb's Toxic Radiance  Pois           0%         N/A       100%        4
 Summon Ice Beast         Ice/Summ       0%         N/A       100%        4
 Summon Lightning Spire   Summ/Air       0%         N/A       100%        4
 Metabolic Englaciation   Hex/Ice        0%         N/A       100%        5
 Simulacrum               Ice/Necr       0%         N/A       100%        6
 Ozocubu's Refrigeration  Ice            0%         4d5       100%        7
 Storm Form               Tmut/Air       0%         N/A       100%        7
 Ignition                 Fire           0%         3d3       100%        8
 Lehudib's Crystal Spear  Conj/Erth      0%         10d2      100%        8
 Maxwell's Capacitive Co  Air            0%         ∞         100%        8


Dungeon Overview and Level Annotations

Branches:
Dungeon (12/15)            Temple (0/1) D:5            Lair (6/6) D:10
 Shoals (0/4) Lair:4        Snake (0/4) Lair:2        Slime (0/5) Lair:5
    Orc (2/2) D:10        Gauntlet (visited)
    Elf: Orc:2

Shops:
D:3 =   D:4 *   D:10 (   D:12 ![

Portals:
Abyss: Lair:6
Trove: D:11 (give horn of Geryon)

Annotations:
D:11 3 runed translucent doors, tatocazan's ghost, journeyman SpBr
D:12 1 runed translucent door
Lair:2 2 runed translucent doors, Sekkong's ghost, journeyman MiBe
Lair:6 1 runed translucent door, Hywoepirr's ghost, journeyman OgSu


Innate Abilities, Weirdness & Mutations

You have an increased reservoir of magic. (+10% MP)
You shall have no god before yourself.
Your divine heritage dramatically boosts your attributes as you level up.


Message History

The orc high priest says, "Oblivion to the unbeliever."
The orc high priest mumbles some strange prayers to Beogh.
The hellwing swoops through the air toward you!
The hellwing hits you but does no damage.
The hellwing hits you.
* * * LOW HITPOINT WARNING * * *
The sun demon barely misses you.
The orc high priest hits you but does no damage.
The rust devil hits you. The rust devil corrodes you!
The orc sorcerer wildly gestures.
You feel disoriented.
The orc knight hits you from afar with a +0 glaive.
* * * LOW HITPOINT WARNING * * *
The rust devil hits you.
* * * LOW HITPOINT WARNING * * *
The rust devil corrodes you!
The orc high priest hits you with a +0 dire flail.
* * * LOW HITPOINT WARNING * * *
The sun demon hits you!!
* * * LOW HITPOINT WARNING * * *
You are engulfed in flames.
You resist.
* * * LOW HITPOINT WARNING * * *
The orc high priest hits you with a +0 mace.
* * * LOW HITPOINT WARNING * * *
The rust devil hits you.
* * * LOW HITPOINT WARNING * * *
The rust devil corrodes you!
The orc knight hits you from afar with a +0 glaive!!
* * * LOW HITPOINT WARNING * * *
The sun demon completely misses you. The rust devil hits you.
* * * LOW HITPOINT WARNING * * *
The rust devil corrodes you!
The orc high priest invokes the aid of Beogh against you.
You resist with some effort.
The orc high priest hits you with a +0 mace.
* * * LOW HITPOINT WARNING * * *
The rust devil hits you. The rust devil corrodes you! The sun demon hits you.
* * * LOW HITPOINT WARNING * * *
You are engulfed in flames!
You resist.
You die...

...................
....#..............
..#.......[..#.......
...........[..........
......#....[).........
............[.........
..........[[[4........
.#........[.4o3.......
...........oo@o.....#.
............34........
.............o........
....#................#
......................
......................
...#..................
......#...............
.P................


You could see an orc knight, 2 orc high priests, 2 sun demons, a hellwing
(summoned), 2 rust devils, an orc sorcerer (strong) and an orc warrior (strong).

Vanquished Creatures
  An orc warlord (D:10)
  A minotaur (Gauntlet)
  Josephine (Lair:5)
  6 hydras
  An anaconda (Lair:6)
  3 two-headed ogres
  Urug (D:10)
  An orc high priest (Orc:2)
  4 thrashing horrors (Lair:6)
  A fire crab (Gauntlet)
  A lindwurm (Lair:5)
  A necromancer (Lair:5)
  An ugly thing (Lair:6)
  3 large abominations (Lair:6)
  An orc sorcerer (Orc:1)
  A cyclops (D:10)
  A manticore (D:11)
  9 elephants
  10 black mambas
  2 smoke demons (Lair:6)
  Maggie (Lair:2)
  An ice statue (Gauntlet)
  A minotaur zombie (Gauntlet)
  9 cane toads
  A gargoyle (D:11)
  4 komodo dragons
  3 kobold demonologists (D:11)
  3 rime drakes
  An ancient zyme (Lair:6)
  5 trolls
  A polar bear (Lair:3)
  Grinder (D:3)
  Prince Ribbit (D:7)
  A hornet (Lair:4)
  A raiju (Gauntlet)
  18 blink frogs
  A snapping turtle (Lair:4)
  6 dream sheep
  11 slime creatures
  A spriggan (Lair:6)
  A shadow (Gauntlet)
  A ynoxinul (Lair:6)
  6 wraiths
  4 wyverns
  70 yaks
  3 fire bats (Gauntlet)
  2 chaos spawn (Lair:6)
  9 vampire mosquitoes
  7 basilisks
  4 steam dragons
  5 wargs
  25 water moccasins
  An ice beast (D:5)
  A sky beast (D:6)
  15 orc warriors
  2 black bears
  2 necrophages
  4 centaurs
  An ogre (D:5)
  13 wolves
  3 phantoms
  8 small abominations (Lair:6)
  4 kobold brigands
  3 scorpions
  7 bullfrogs
  A gnoll sergeant (D:9)
  A water moccasin skeleton (D:5)
  11 killer bees
  2 howler monkeys (D:8)
  6 wights
  A howler monkey (shapeshifter) (Lair:6)
  3 centaur zombies
  A bullfrog zombie (D:6)
  A hound (D:6)
  3 jellies
  2 centaur skeletons
  5 orc priests
  A bullfrog skeleton (D:6)
  A gnoll shaman (D:9)
  Ijyb (D:4)
  17 orc wizards
  4 iguanas
  4 hell rats
  4 polar bear simulacra (Lair:5)
  2 yak simulacra (Lair:5)
  A killer bee zombie (D:9)
  2 wolf simulacra (Lair:5)
  Robin (D:4)
  18 gnolls
  4 adders
  13 white imps
  2 ufetubi (D:6)
  An adder skeleton (D:4)
  A worm (D:5)
  4 dart slugs
  42 orcs
  7 bats
  9 endoplasms
  3 giant cockroaches
  16 goblins
  9 hobgoblins
  4 jackals (D:3)
  7 quokkas
  3 ball pythons
  15 frilled lizards
  12 kobolds
  7 rats
  3 river rat simulacra (Lair:5)
577 creatures vanquished.

Vanquished Creatures (others)
  An orc (Orc:1)
  2 bushes (Lair:6)
  41 fungi
  71 plants
  4 withered plants (Gauntlet)
119 creatures vanquished.

Grand Total: 696 creatures vanquished

Notes
Turn   | Place    | Note
-------+----------+-------------------------------------------
     0 | D:5      | Found the +2 Maxwell's thermic engine {flame, freeze}
     0 | D:5      | Strat the Demigod Delver began the quest for the Orb.
     0 | D:5      | Reached XP level 1. HP: 18/18 MP: 3/3
    96 | D:4      | Noticed a scorpion
   120 | D:4      | Noticed a scorpion
   131 | D:4      | Killed a scorpion
   132 | D:4      | Reached skill level 3 in Long Blades
   132 | D:4      | Reached XP level 2. HP: 25/25 MP: 4/4
   132 | D:4      | Reached XP level 3. HP: 30/30 MP: 5/5
   136 | D:4      | Noticed a phantom
   222 | D:5      | Noticed an ogre
   251 | D:4      | Noticed a phantom
   313 | D:4      | Noticed a kobold brigand
   338 | D:4      | Killed a kobold brigand
   339 | D:4      | Reached skill level 4 in Long Blades
   339 | D:4      | Reached XP level 4. HP: 24/37 MP: 6/6
   668 | D:4      | Reached skill level 5 in Long Blades
   668 | D:4      | Reached XP level 5. HP: 22/42 MP: 7/7
   856 | D:4      | Found Ypnylasm's Overcharged Wands.
  1126 | D:4      | Noticed Robin
  1188 | D:4      | Noticed Ijyb
  1223 | D:4      | Killed Ijyb
  1267 | D:3      | Found Iwaudieq's Jewellery Shop.
  1565 | D:4      | Killed Robin
  1785 | D:4      | Reached XP level 6. HP: 50/50 MP: 8/8
  1881 | D:4      | Reached skill level 6 in Long Blades
  2123 | D:4      | Reached skill level 1 in Armour
  2453 | D:5      | Reached XP level 7. HP: 54/57 MP: 9/9
  2464 | D:5      | Found a staircase to the Ecumenical Temple.
  3648 | D:3      | Noticed Grinder
  4885 | D:2      | You fall into a shaft and drop 2 floors!
  5060 | D:3      | Killed Grinder
  5293 | D:2      | Reached skill level 7 in Long Blades
  5691 | D:5      | Reached XP level 8. HP: 67/67 MP: 10/10
  5880 | D:5      | Reached skill level 5 in Fighting
  6609 | D:5      | Reached skill level 5 in Armour
  6611 | D:5      | Reached skill level 8 in Long Blades
  6973 | D:6      | Reached skill level 9 in Long Blades
  7056 | D:6      | Reached XP level 9. HP: 69/74 MP: 11/11
  7649 | D:7      | Reached skill level 10 in Long Blades
  7655 | D:7      | Noticed Prince Ribbit
  7662 | D:7      | Killed Prince Ribbit
  7714 | D:7      | Noticed a four-headed hydra
  7720 | D:7      | Killed a one-headed hydra
  7966 | D:8      | Noticed a two-headed ogre
  7974 | D:8      | Killed a two-headed ogre
  8023 | D:8      | Reached skill level 11 in Long Blades
  8033 | D:8      | Reached XP level 10. HP: 80/81 MP: 13/13
  9681 | D:10     | Entered Level 10 of the Dungeon
  9681 | D:10     | Noticed a cyclops
  9739 | D:10     | Found a staircase to the Orcish Mines.
 10162 | D:10     | Found a staircase to the Lair.
 10402 | D:10     | Reached skill level 12 in Long Blades
 10476 | D:10     | Killed a cyclops
 11101 | D:10     | Noticed a two-headed ogre
 11106 | D:10     | Killed a two-headed ogre
 11107 | D:10     | Reached XP level 11. HP: 67/86 MP: 9/14
 11200 | D:10     | Found Qysusucw's Weapon Emporium.
 11557 | D:11     | Found a portal to a secret trove of treasure.
 11600 | D:11     | Noticed a soul eater
 11870 | D:11     | Noticed a two-headed ogre
 11880 | D:11     | Killed a two-headed ogre
 11969 | D:11     | Found the ring of the Mage {Wiz Archmagi}
 11969 | D:11     | Noticed a minotaur
 11969 | D:11     | Noticed tatocazan's ghost (journeyman SpBr)
 12135 | D:11     | Found a runed translucent gate.
 12135 | D:11     | Found a runed translucent gate.
 12135 | D:11     | Found a runed translucent gate.
 12193 | D:11     | Reached skill level 13 in Long Blades
 12193 | D:11     | Reached skill level 10 in Armour
 12823 | D:12     | Found Wuatsyos's Antique Armour Shoppe.
 12845 | D:12     | Found Neusoysi's Distillery.
 13093 | D:11     | Reached skill level 14 in Long Blades
 13349 | D:12     | Found a runed translucent door.
 13700 | D:12     | Identified a scroll of acquirement
 13700 | D:12     | Acquired 919 gold pieces
 13921 | D:12     | Noticed an orc high priest
 13975 | Lair:1   | Entered Level 1 of the Lair of Beasts
 14178 | Lair:1   | Reached skill level 15 in Long Blades
 14238 | Lair:1   | Reached skill level 1 in Evocations
 14240 | Lair:1   | Reached XP level 12. HP: 94/94 MP: 15/15
 14438 | Lair:1   | Noticed a six-headed hydra
 14463 | Lair:1   | Killed a one-headed hydra
 14984 | Lair:2   | Found a staircase to the Snake Pit.
 15601 | Lair:2   | Reached skill level 5 in Evocations
 15928 | Lair:2   | Noticed Maggie
 15938 | Lair:2   | Killed Maggie
 16165 | Lair:2   | Found a large runed translucent door.
 16165 | Lair:2   | Found a large runed translucent door.
 16169 | Lair:2   | Noticed Sekkong's ghost (journeyman MiBe)
 16566 | Lair:3   | Noticed an eight-headed hydra
 16580 | Lair:3   | Killed a five-headed hydra
 16887 | Lair:3   | Reached XP level 13. HP: 105/110 MP: 16/16
 17517 | Lair:4   | Learned a level 4 spell: Anguish
 18073 | Lair:4   | Found a staircase to the Shoals.
 18450 | Lair:5   | Found a gate leading to a gauntlet.
 18466 | Gauntlet | Entered a Gauntlet
 18466 | Gauntlet | Found a transporter.
 18466 | Gauntlet | Found a transporter.
 18470 | Gauntlet | Found a transporter.
 18470 | Gauntlet | Found a transporter.
 18470 | Gauntlet | Found a transporter.
 18472 | Gauntlet | Found a large runed translucent door.
 18473 | Gauntlet | Found a large runed translucent door.
 18474 | Gauntlet | Found a large runed translucent door.
 18474 | Gauntlet | Found a large runed translucent door.
 18474 | Gauntlet | Found a runed translucent door.
 18476 | Gauntlet | Found a large runed translucent door.
 18476 | Gauntlet | Found a runed translucent door.
 18505 | Gauntlet | Found a transporter.
 18510 | Gauntlet | Found a large runed translucent door.
 18510 | Gauntlet | Found a large runed translucent door.
 18515 | Gauntlet | Found a transporter.
 18522 | Gauntlet | Found a transporter.
 18742 | Gauntlet | Found a transporter.
 18834 | Gauntlet | Found a transporter.
 18835 | Gauntlet | Found a large runed translucent door.
 18835 | Gauntlet | Found a large runed translucent door.
 18859 | Gauntlet | Found a large runed translucent door.
 18859 | Gauntlet | Found a large runed translucent door.
 18859 | Gauntlet | Found a large runed translucent door.
 18859 | Gauntlet | Found a large runed translucent door.
 18859 | Gauntlet | Found a runed translucent gate.
 18860 | Gauntlet | Found a runed translucent gate.
 18860 | Gauntlet | Found a transporter.
 18861 | Gauntlet | Found a runed translucent gate.
 18862 | Gauntlet | Found a large runed translucent door.
 18862 | Gauntlet | Found a large runed translucent door.
 18862 | Gauntlet | Found a large runed translucent door.
 18987 | Gauntlet | Found a transporter.
 18999 | Gauntlet | Noticed a minotaur
 19015 | Gauntlet | Killed a minotaur
 19016 | Gauntlet | Reached skill level 10 in Fighting
 19199 | Lair:5   | Found a staircase to the Slime Pits.
 19850 | Lair:5   | Noticed Josephine
 19862 | Lair:5   | Killed Josephine
 19908 | Lair:5   | Reached skill level 10 in Evocations
 20323 | Lair:6   | Entered Level 6 of the Lair of Beasts
 20701 | Lair:6   | Found a runed translucent door.
 20701 | Lair:6   | Noticed Hywoepirr's ghost (journeyman OgSu)
 21642 | Lair:6   | Reached skill level 5 in Dodging
 21642 | Lair:6   | Reached XP level 14. HP: 121/124 MP: 15/17
 21750 | Lair:6   | Found a one-way gate to the infinite horrors of the Abyss.
 22825 | Orc:1    | Entered Level 1 of the Orcish Mines
 22825 | Orc:1    | Noticed Urug
 22825 | Orc:1    | Noticed an orc warlord
 23058 | D:10     | Killed an orc warlord
 23284 | D:10     | Killed Urug
 23677 | Orc:2    | Entered Level 2 of the Orcish Mines
 24030 | Orc:2    | Paralysed by an orc sorcerer for 6 turns
 24036 | Orc:2    | HP: 6/121 [orc high priest (3)]
 24036 | Orc:2    | HP: 1/121 [sun demon[an orc high priest] (5)]
 24036 | Orc:2    | Mangled by a sun demon

Illustrated notes

Levels and vault maps discovered:
D:1:      matt_arrival_refuge, layout_loops_ring,
          hellmonk_ecumenical_altar_prayer_group, minmay_lizard_king
D:2:      layout_loops_ring
D:3:      layout_rooms, nicolae_hepliaklqana_hippocampus, serial_shops,
          nicolae_shop_temple_entry_statues_fountains, uniq_grinder
D:4:      layout_basic, hangedman_ru_absence, nicolae_shop_overcharged_wands,
          uniq_robin, uniq_ijyb
D:5:      kennysheep_steamy, layout_cave_pods, minmay_temple_entry_wispy
D:6:      layout_basic, amcnicky_altar_gilded, nicolae_fountain_basement
D:7:      layout_loops_ring, uniq_prince_ribbit1
D:8:      layout_rooms, gammafunk_temple_overflow_wave,
          nicolae_ossuary_entry_monument, minmay_strange_pillars,
          kennysheep_crisscross
D:9:      layout_long_grid, mainiacjoe_overflow_concentric_impassable,
          minmay_overflow_temple_star_quad, hangedman_decor_growths
D:10:     layout_long_grid, nicolae_overflow_hidden_temple,
          okawaru_altar_gauntlet_db, minmay_lair_entry_grove, orc_0_dummy,
          serial_shops, shop_statue
D:11:     layout_gridville, nicolae_trove_entry_free_sample,
          maelrawn_ghost_gauntlet_escape
D:12:     layout_cave_pools, serial_shops, kennysheep_little_box,
          nicolae_shop_crystal, lightli_church_of_beogh
Lair:1:   layout_hall_layers, grunt_megastairs_5
Lair:2:   layout_chaotic_city, minmay_snake_entry_six_corridors,
          ebering_ghost_disaster_area, uniq_maggie
Lair:3:   layout_hall_layers, st_stairs_4, grunt_megastairs_1
Lair:4:   layout_gridlike, minmay_shoals_entry_hut
Lair:5:   layout_roguey, dpeg_slime_entry_enclosed_altar,
          portal_ice_cave_entry_imps, gauntlet_entry_generic,
          eino_house_with_fridge, uniq_josephine
Lair:6:   hellmonk_lair_end_abyssal_woods, layout_regular_city,
          hellmonk_ghost_happy_afterlife, lemuel_fruit_tree
Orc:1:    layout_caves, uniq_urug
Orc:2:    grunt_orc_gardens, layout_caves, grunt_orc_garden, grunt_orc_garden,
          grunt_orc_garden, grunt_orc_garden, serial_shops, nicolae_shop_stone,
          nicolae_shop_competitors_out_of_business, shop, shop,
          nicolae_orc_lost_temple, uniq_maurice

Skill      XL: |  1  2  3  4  5  6  7  8  9 10 11 12 13 14 |
---------------+-------------------------------------------+-----
Long Blades    | 3 4 5 6 7 9 11 12 15 | 15.0
Fighting       | 3 4 5 8 11 | 11.9
Armour         | 1 3 5 6 9 10 | 10.0
Evocations     | 1 7 10 | 10.0
Dodging        | 5 6 |  6.9
Axes           | |  1.7
Stealth        | |  4.5

Action                   |  1- 3 |  4- 6 |  7- 9 | 10-12 | 13-15 || total
-------------------------+-------+-------+-------+-------+-------++-------
Melee: Double sword      |    20 |    78 |   277 |   576 |   575 ||  1526
       Punch             |       |     1 |     2 |    11 |    13 ||    27
Throw: Dart              |       |       |       |     1 |       ||     1
Evoke: Wand              |       |       |     2 |       |     5 ||     7
  Use: Scroll            |       |       |    11 |    11 |     7 ||    29
       Potion            |       |       |     1 |       |     3 ||     4
 Stab: Sleeping          |       |     4 |     4 |       |       ||     8
       Distracted        |       |       |     1 |       |       ||     1
       Paralysed         |       |       |       |       |     5 ||     5
Armor: Leather armour    |     2 |    17 |     5 |       |       ||    24
       Chain mail        |       |       |    96 |   200 |       ||   296
       Gold dragon scale |       |       |       |    35 |   296 ||   331
       Plate armour      |       |       |       |    15 |       ||    15
Dodge: Dodged            |    19 |    87 |   281 |   534 |   413 ||  1334

Table legend: (Time is in decaauts)
 A = Elapsed time spent in this place.
 B = Non-inter-level travel time spent in this place.
 C = Inter-level travel time spent in this place.
 D = Time resting spent in this place.
 E = Time spent auto-exploring this place.
 F = Levels seen in this place.
 G = Mean time per level.
                   A        B        C        D        E       F      G
               +--------+--------+--------+--------+--------+-----+--------+
         Total |  23913 |  22484 |   1429 |   5800 |  11831 |  21 | 1138.7 |
       Dungeon |  14737 |  13623 |   1114 |   3669 |   6898 |  12 | 1228.1 |
          Lair |   7975 |   7669 |    306 |   1377 |   4815 |   6 | 1329.2 |
  Orcish Mines |    499 |    491 |      8 |    265 |    112 |   2 |  249.5 |
      Gauntlet |    701 |    701 |      0 |    489 |      6 |   1 |  701.0 |
               +--------+--------+--------+--------+--------+-----+--------+

Top non-repeatable levels by time:
     D:4: 2854 daAuts
    D:10: 2176 daAuts
  Lair:6: 2006 daAuts
  Lair:5: 1627 daAuts
    D:11: 1619 daAuts
     D:5: 1602 daAuts
  Lair:2: 1497 daAuts
     D:9: 1364 daAuts
  Lair:3: 1027 daAuts
  Lair:1: 966 daAuts
     D:3: 942 daAuts
     D:1: 866 daAuts
  Lair:4: 850 daAuts
    D:12: 813 daAuts
     D:8: 715 daAuts
